woodfighter, neutral female scurrid Archeologist --- ------.---- ---..||.....-- ---|....||......| ----------------.--.*..|--.....| -.......G.I@..G.^...|.-- |.....-- -----------.|..|.--| --......| |...|-.|...---.......| ---*---|.|........---..| |...|--|.|...|...-- ---- |.---.--...----..| ----|.||.......| ----- |..||.|-.......---<--- |..||.|.........|%[..| |..--.|..............| |..^..............[.-------- --.........................| ---...|..----....-------..| |..----- |..--- |..| ---- ---- ---- woodfighter the Investigator Experience level: 6 Strength: 8 Dexterity: 14 Constitution: 15 Intelligence: 14 Wisdom: 16 Charisma: 7 Health: 0(44) Energy: 30(30) Def: 2 Gold: 0 Moves: 977 Dungeon seed: fb3rFL-YX9sSg6hO Game ID: woodfighter_1533064003 Your Inventory: Weapons a - a +2 bullwhip (weapon in paw) u - a cursed +0 dagger y - a +0 dart Armor e - an uncursed +0 leather jacket (being worn) n - an uncursed +0 pair of leather gloves (being worn) q - an uncursed +0 dwarvish cloak r - an uncursed +0 alchemy smock M - an uncursed +0 dwarvish cloak N - an uncursed +0 dwarvish cloak O - an uncursed +0 dwarvish cloak P - an uncursed +0 pair of gauntlets of dexterity Y - a cursed -1 dwarvish cloak Comestibles b - 5 uncursed chestnuts k - an uncursed apple G - an uncursed food ration Wands d - a wand of light (0:14) f - a wand of enlightenment (0:14) Tools c - an uncursed pair of lenses (being worn) h - an uncursed oil lamp (0:895) i - an uncursed bugle s - an uncursed sack z - an uncursed leather drum D - a +0 pick-axe F - an uncursed tallow candle (0:200) H - an uncursed wax candle (0:400) L - a blessed tallow candle (0:200) Gems Q - an uncursed touchstone Contents of the sack: 181 gold pieces a [uncursed] scroll of charging a [blessed] scroll of confuse monster a [uncursed] scroll of create monster a [uncursed] scroll of identify a [cursed] scroll of identify a [uncursed] scroll of light a [blessed] scroll of light a [uncursed] scroll of punishment 2 [uncursed] scrolls of scare monster a [uncursed] potion of monster detection a [uncursed] ring of teleport control Spells and supernatural/magical abilities: Name Level Category Fail Memory W - pray for help -- divine ? -- Your skills at the end: Miscellaneous Skills wands [Basic] Weapon Skills whip [Skilled] Spellcasting Skills Final Attributes: You were devoutly aligned. You had wounded legs. You had automatic searching. You had infravision. You were stealthy. You were fast. You are dead. Vanquished creatures: 2 dwarf lords 3 gnome lords a gnomish wizard a kitten 5 dwarves a homunculus a quasit a kobold lord a centipede a giant bat a coyote a hobbit 2 yellow molds 13 gnomes 2 garter snakes 4 jackals 4 newts a goblin 3 sewer rats 4 grid bugs 2 bats 2 lichens 2 kobold zombies 58 creatures vanquished. Voluntary challenges: You did not cause conflict. You were not invisible. You did not have reflection. You were not displaced. You used a wielded weapon 93 times, starting on turn 120. You did not apply a unicorn horn. You did not use plumbed fixtures. You did not drink any magical draughts. You were illiterate. You never genocided any monsters. You never polymorphed an object. You never changed form. You used no wishes. You never split a pudding. You never wrote Elbereth's name. You never violated your personal moral code. Dungeon overview: The Dungeons of Doom: levels 1 to 4 Level 1 a fountain a long staircase Level 2 Level 3 a fountain stairs to The Gnomish Mines Level 4 The Gnomish Mines: levels 4 to 6 Level 4 stairs to The Dungeons of Doom Level 5 Level 6 <- You were here History has recorded: On T:1 you entered the Dungeons of Doom to retrieve the Amulet of Yendor! On T:97 you reached level 2 of The Dungeons of Doom. On T:239 you reached level 3 of The Dungeons of Doom. On T:393 you reached level 4 of The Dungeons of Doom. On T:402 you advanced to experience level 2. On T:439 you reached level 1 of The Gnomish Mines. On T:494 you advanced to experience level 3. On T:515 you reached level 2 of The Gnomish Mines. On T:569 you advanced to experience level 4. On T:614 you prayed to Camaxtli. On T:738 you advanced to experience level 5. On T:833 you reached level 3 of The Gnomish Mines. On T:919 you advanced to experience level 6. Score breakdown: Gold: 181 ( 18 points) Experience: 6 levels ( 500 points) Exploration: 6 levels ( 150 points) Discoveries: 23 items ( 1150 points) Variety of kills: 23 monsters ( 1150 points) Major goal: (nothing yet) ( 0 points) Survival: died (score multiplied by 3) Total score: 8904 Latest messages: A gnome blocks your way. You hear a distant squeak. (2x) You stop exploring. A trap door in the ceiling opens and a rock falls on your head! You stop exploring. A board beneath you squeaks loudly. You hear a distant squeak. (3x) You see here a pair of riding gloves. P - a pair of riding gloves. KAABLAMM!!! You triggered a land mine! Your movements are slowed slightly because of your load. You escape a pit. You hear a distant squeak. You stop exploring. You whip the gnome! You kill the gnome! You see here 2 worthless pieces of white glass. The gnomish wizard drinks a bubbly potion! Suddenly you cannot see the gnomish wizard. You stop exploring. The gnome punches you! You kill the gnome! Wait! There's something there you can't see! You whip something. Something casts a spell at you! Your head suddenly aches painfully! You die... Final status: Goodbye woodfighter the Archeologist, killed by an invisible gnomish wizard... You died in The Gnomish Mines on dungeon level 6 with 8904 points, and 181 pieces of gold, after 977 moves. You were level 6 with a maximum of 44 hit points when you died.